 Dungeon Crawl Stone Soup version 0.23.2-1-ga50397a (webtiles) character file.

Game seed: 4822415448313074730

1 MalarOregon the Chiller (level 1, -2/14 HPs)
             Began as a Ghoul Ice Elementalist on June 2, 2019.
             Killed from afar by a dart slug (6 damage)
             ... with a slug dart
             ... on level 1 of the Dungeon.
             The game lasted 00:00:27 (166 turns).

MalarOregon the Chiller (Ghoul Ice Elementalist)     Turns: 166, Time: 00:00:28

Health: -2/14      AC:  2    Str: 11    XL:     1   Next: 20%
Magic:  0/2        EV: 12    Int: 10    God:
Gold:   0          SH:  0    Dex:  9    Spells: 2/3 levels left

rFire    . . .     SeeInvis .   (no weapon)
rCold    + . .     Gourm    .   (no shield)
rNeg     + + +     Faith    .   a - +0 robe
rPois    ∞         Spirit   .   (no helmet)
rElec    .         Reflect  .   (no cloak)
rCorr    .         Harm     .   (no gloves)
MR       .....                  (no boots)
Stlth    ++........             (no amulet)
HPRegen  0.00/turn              (no ring)
MPRegen  0.08/turn              (no ring)

@: very slightly contaminated, rotting
A: rotting body, claws 1, carnivore, cold resistance 1, negative energy
resistance 3, inhibited regeneration, torment resistance, unbreathing
a: no special abilities


You were on level 1 of the Dungeon.
You were not hungry.

You visited 1 branch of the dungeon, and saw 1 of its levels.

Inventory:

Armour
 a - a +0 robe (worn)
Scrolls
 b - a scroll of teleportation {unknown}
Comestibles
 e - a ration {!d}


   Skills:
 - Level 1.7 Dodging
 - Level 2.1 Stealth
 + Level 0.2 Unarmed Combat
 - Level 1.7 Spellcasting
   Level 0.7 Conjurations
 + Level 3.3 Ice Magic


You had 2 spell levels left.
You knew the following spells:

 Your Spells              Type           Power        Failure   Level  Hunger
a - Freeze                Ice            #...         9%          1    ##.....

Your spell library contained the following spells:

 Spells                   Type           Power        Failure   Level  Hunger
 Throw Frost              Conj/Ice       #.....       22%         2    ###....
 Ozocubu's Armour         Chrm/Ice       #.......     43%         3    ####...
 Throw Icicle             Conj/Ice       #.......     80%         4    #####..
 Summon Ice Beast         Ice/Summ       #.......     85%         4    #####..


Dungeon Overview and Level Annotations

Branches:
Dungeon (1/15)

Altars:


Innate Abilities, Weirdness & Mutations

Your body is rotting away.
You thrive on raw meat.
You are immune to poison.
You have sharp fingernails.
You are carnivorous and can eat meat at any time.
Your flesh is cold resistant. (rC+)
You are immune to negative energy. (rN+++)
You do not regenerate when monsters are visible.
You are immune to unholy pain and torment.
You can survive without breathing.


Message History

Aim: a bat (resting)
You miscast Freeze.
You are very lightly contaminated with residual magic.
Nothing appears to happen.
The bat closely misses you. The bat hits you.
Aim: a bat You miscast Freeze.
Nothing appears to happen.
The bat hits you but does no damage. x2
You closely miss the bat. The bat barely misses you.
The bat closely misses you.
You scratch the bat but do no damage. The bat hits you.
You barely miss the bat. The bat hits you but does no damage. x2
You closely miss the bat. The bat closely misses you.
You scratch the bat. The bat closely misses you. The bat hits you.
You miss the bat. The bat closely misses you. x2
You scratch the bat but do no damage. The bat hits you but does no damage.
The bat hits you.
Aim: a bat (severely wounded)
You freeze the bat.
You kill the bat!
You see here a bat corpse.
You butcher the bat corpse.
c - a chunk of flesh You see here a bat skeleton.
You start resting.
You start resting.
Your magical contamination has completely faded away.
You feel your flesh rotting away.
Eating a chunk of flesh.
You eat the chunk of flesh.
You feel more resilient.
This raw flesh tastes great!
You see here a bat skeleton.
A dart slug comes into view.
The dart slug launches a dart at you. The slug dart hits you!
Ouch! That really hurt!
* * * LOW HITPOINT WARNING * * *
You are too injured to fight recklessly!
The dart slug bites you.
* * * LOW HITPOINT WARNING * * *
Aim: a dart slug You miscast Freeze.
You are very lightly contaminated with residual magic.
You feel uncomfortably cold. The dart slug barely misses you.
Aim: a dart slug You miscast Freeze.
Your claws feel numb with cold.
You scratch the dart slug. The dart slug bites you.
* * * LOW HITPOINT WARNING * * *
You scratch the dart slug. The dart slug launches a dart at you.
The slug dart hits you.
You die...

♣♣♣ ♣♣♣P♣♣♣
♣.....♣♣♣♣♣
.♣♣♣♣♣....♣♣♣♣
♣♣ ♣♣♣♣♣...♣♣
♣♣.♣♣♣.♣♣♣♣
♣♣♣.♣♣
♣♣...♣♣♣
♣♣♣.÷♣♣
♣♣♣@w.♣ ♣..♣♣♣
♣♣♣..≈≈≈♣ ♣.♣♣
≈≈♣♣♣ ♣ ♣♣.♣♣
♣♣ ♣ ♣♣.♣ ♣
♣♣.♣♣ ♣ ♣.♣.♣
♣ ♣..♣♣ ♣
♣P♣♣♣


You could see a dart slug.

Vanquished Creatures
  A bat (D:1)
1 creature vanquished.

Notes
Turn   | Place    | Note
-------+----------+-------------------------------------------
     0 | D:1      | MalarOregon the Ghoul Ice Elementalist began the quest for
                  | the Orb.
     0 | D:1      | Reached XP level 1. HP: 14/14 MP: 2/2
   166 | D:1      | Killed from afar by a dart slug

Action                   || total
-------------------------++-------
Melee: Unarmed           ||     9
 Cast: Freeze            ||     1
  Eat: Chunk             ||     1
Armor: Robe              ||     5
Dodge: Dodged            ||     8
